 Dungeon Crawl Stone Soup version 0.14-a0-405-gb95792f (webtiles) character file.

163 Gunthar the Skirmisher (level 3, -1/24 HPs)
             Began as a Gargoyle Fighter on Oct 27, 2013.
             Killed from afar by Terence (4 damage)
             ... with a wand of flame
             ... on Level 3 of the Dungeon.
             The game lasted 00:08:16 (1552 turns).

Gunthar the Skirmisher (Gargoyle Fighter)           Turns: 1552, Time: 00:08:17

HP  -1/24        AC 11     Str 20      XL: 3   Next: 85%
MP   2/2         EV  6     Int  8      God:
Gold 111         SH 19     Dex 13      Spells:  0 memorised,  2 levels left

Res.Fire  : . . .   See Invis. : .   M - +0 mace
Res.Cold  : . . .   Warding    : .   b - +0 scale mail
Life Prot.: + . .   Conserve   : .   c - +0 shield
Res.Poison: +       Res.Corr.  : .   (no helmet)
Res.Elec. : .       Clarity    : .   (no cloak)
Sust.Abil.: . .     Spirit.Shd : .   F - +0 pair of gloves
Res.Mut.  : .       Stasis     : .   (no boots)
Res.Rott. : +       Flight     : .   (no amulet)
Saprovore : . . .                    K - +4 ring of dexterity
                                     q - ring of sustenance {unknown}

@: not resistant to hostile enchantments, extremely unstealthy
A: fangs 1, talons 2, life protection 1, slow metabolism 1, unbreathing,
petrification resistance, AC +3
a: no special abilities


You were on level 3 of the Dungeon.
You were not hungry.

You visited 1 branch of the dungeon, and saw 3 of its levels.

You collected 91 gold pieces.

Inventory:

Hand weapons
 a - a +0,+0 mace
 h - a +0,+0 club
 l - a +0,+0 dagger
 o - a +0,+0 club
 p - a +0,+0 mace
 r - a +1,+0 elven dagger
 t - a +0,+0 club
 u - a +0,+0 club
 x - a +0,+0 club
 B - a +0,+0 elven dagger
 G - a +0,+0 club
 L - a +1,+2 dagger of venom
 M - a +0,+0 mace (weapon)
Missiles
 D - 12 darts of frost (quivered)
Armour
 b - a +0 scale mail (worn)
 c - a +0 shield (worn)
 F - a +0 pair of gloves (worn)
Comestibles
 d - a bread ration
 A - a pear
 I - 16 strawberries
Scrolls
 e - 3 scrolls of remove curse {unknown}
 j - a scroll of curse weapon {unknown}
 n - 3 scrolls of identify {unknown}
 w - a scroll of enchant weapon I {unknown}
 C - 2 scrolls of fog {unknown}
 J - a scroll of teleportation {unknown}
 N - a scroll of noise {unknown}
Jewellery
 q - a ring of sustenance (left hand) {unknown}
 K - a +4 ring of dexterity (right hand)
Potions
 g - a potion of flight {unknown}
 i - 3 potions of curing {unknown}
 m - a potion of blood {unknown}
 s - 3 potions of heal wounds {unknown}
 v - a potion of paralysis {unknown}
 z - a potion of slowing {unknown}
 H - a potion of confusion {unknown}
 O - a potion of magic {unknown}
Books
 E - a book of Debilitation

   Spells                             Type                      Level
   Corona                             Hexes                        1
   Slow                               Hexes                        2
   Inner Flame                        Hexes/Fire                   3
   Enslavement                        Hexes                        4
   Cause Fear                         Hexes                        4
   Leda's Liquefaction                Hexes/Earth                  4


   Skills:
 * Level 3.8 Fighting
 * Level 2.5 Maces & Flails
 + Level 3.6 Armour
 * Level 1.2 Dodging
 + Level 3.6 Shields


You had 2 spell levels left.
You didn't know any spells.

Dungeon Overview and Level Annotations

Branches:
Dungeon (3/27)

Altars:

Annotations:
D:3 Terence


Innate Abilities, Weirdness & Mutations

You are resistant to torment.
You are immune to poison.
Your stone body is very resilient (AC +3).
You have very sharp teeth.
You have razor-sharp toenails.
You resist negative energy.
You have a slow metabolism.
You can survive without breathing.
You are immune to petrification.


Message History

Terence is lightly wounded.
Terence zaps a wand.
The puff of flame hits you!
Your scroll labeled ENAREQUWIE catches fire!
Terence zaps a wand.
The puff of flame hits you!
Your scroll labeled EXEUVA NEIQA catches fire!
You hit Terence but do no damage. You claw Terence, but do no damage.
Terence is lightly wounded.
Terence hits you but does no damage.
You hit Terence but do no damage. You bite Terence, but do no damage.
Terence is lightly wounded.
Terence zaps a wand.
The puff of flame hits you!
* * * LOW HITPOINT WARNING * * *
Throwing (i - inventory):
D - 13 darts of frost (quivered)
Press: ? - help, Shift-Dir - straight line, f/p - Terence
Aim: Terence, wielding a runed dwarven mace, wearing a chain mail and carrying a wand of flame {zapped: 7} (lightly wounded)
You throw a dart of frost. The dart of frost misses Terence.
Terence zaps a wand.
The puff of flame hits you!
* * * LOW HITPOINT WARNING * * *
Terence zaps a wand.
The puff of flame hits you!
You die...

#..#.# #....#.#
####.. ..#. #
#.#.##.# ...
#.#.#.# .# ##..
#.#.#.##.#.. ...
.. #...........
....
#.##(###.#.##.###
.
.....(.(.........
#.##.###@#.######
#..@..........
#####.#......
#.####### #.# #.#
#.# #.# #.# .


You could see Terence.

Vanquished Creatures
  An adder (D:2)
  An inept item mimic (D:2)
  A giant gecko (D:2)
  2 giant cockroaches
  5 goblins
  4 hobgoblins
  4 kobolds
  10 bats
  A giant newt (D:1)
  5 rats
34 creatures vanquished.

Notes
Turn   | Place    | Note
--------------------------------------------------------------
     0 | D:1      | Gunthar, the Gargoyle Fighter, began the quest for the Orb.
     0 | D:1      | Reached XP level 1. HP: 14/14 MP: 0/0
   253 | D:1      | Reached XP level 2. HP: 17/19 MP: 1/1
   734 | D:2      | Reached XP level 3. HP: 24/24 MP: 2/2
   838 | D:2      | Reached skill level 1 in Dodging
  1538 | D:3      | Noticed Terence
  1552 | D:3      | Killed from afar by Terence

Action                   || total
-------------------------++-------
Melee: Mace              ||    75
Throw: Dart              ||    12
